 Dungeon Crawl Stone Soup version 0.29-a0-817-g9904bce7a6 (webtiles) character file.

Game seed: 9195429044503159014

107 LynnLen the Sneak (level 4, 0/24 HPs)
             Began as a Vampire Enchanter on July 6, 2022.
             Slain by an iguana (13 damage)
             ... on level 6 of the Dungeon.
             The game lasted 00:08:01 (2325 turns).

LynnLen the Sneak (Vampire Enchanter)               Turns: 2325, Time: 00:08:02

Health: 0/24       AC:  3    Str:  7    XL:     4   Next: 57%
Magic:  4/7        EV: 16    Int: 17    God:
Gold:   213        SH:  0    Dex: 16    Spells: 4/7 levels left

rFire   . . .      SeeInvis +   b - +2 dagger (venom)
rCold   + + .      Faith    .   (no shield)
rNeg    + + +      Spirit   .   l - +0 leather armour
rPois   ∞          Reflect  .   (no helmet)
rElec   .          Harm     .   (no cloak)
rCorr   .          Rampage  .   (no gloves)
Will    .....                   (no boots)
Stlth   +++++.....              (no amulet)
HPRegen 0.00/turn               i - +4 ring of evasion
MPRegen 0.10/turn               (no ring)

@: bloodless, inhibited regen
A: bloodless, fangs 3, see invisible, vampiric 2
a: Bat Form, Revivify


You were on level 6 of the Dungeon.
You visited 1 branch of the dungeon, and saw 4 of its levels.

You collected 213 gold pieces.

Inventory:

Hand Weapons
 b - a +2 dagger of venom (weapon)
Armour
 l - a +0 leather armour (worn)
Jewellery
 i - a +4 ring of evasion (left hand)
Scrolls
 a - 3 scrolls of noise {unknown}
 f - a scroll of vulnerability
Potions
 c - 2 potions of invisibility
 d - a potion of mutation
 e - a potion of brilliance
 g - a potion of might {unknown}
 h - 2 potions of curing {unknown}
 j - a potion of cancellation {unknown}


   Skills:
 + Level 2.0 Short Blades
 + Level 2.3 Dodging
 * Level 6.9 Stealth
 * Level 2.3 Spellcasting
 + Level 5.0 Hexes


You had 4 spell levels left.
You knew the following spells:

 Your Spells              Type           Power      Damage    Failure   Level
a - Confusing Touch       Hex            19%        N/A       11%         3

Your spell library contained the following spells:

 Spells                   Type           Power      Damage    Failure   Level
 Tukima's Dance           Hex            19%        N/A       11%         3
 Ensorcelled Hibernation  Hex/Ice        20%        N/A       16%         2
 Magic Dart               Conj           8%         1d3       28%         1
 Dazzling Flash           Conj/Hex       20%        N/A       30%         3
 Searing Ray              Conj           4%         2d4       38%         2
 Fulminant Prism          Conj/Hex       5%         3d7       69%         4


Dungeon Overview and Level Annotations

Branches:
Dungeon (3/15)

Altars:


Innate Abilities, Weirdness & Mutations

You do not regenerate when monsters are visible.
You are frail without blood (-20% HP).
You can heal yourself when you bite living creatures.
You are immune to poison.
You have razor-sharp teeth.
You have supernaturally acute eyesight. (SInv)
You are afflicted with vampirism and can become a bat while bloodless.


Message History

Found an escape hatch in the floor.
Found a viscous orange potion.
Found an onyx ring.
Found a whip.
h - 2 viscous orange potions (gained 1)
i - a +4 ring of evasion
i - a +4 ring of evasion (left hand)
An iguana comes into view.
Found a scroll labelled GIHATZ MANO and a short sword.
An iguana comes into view.
The helpless iguana fails to defend itself.
You bite the iguana, and draw its blood!
You impale the iguana!!
You kill the iguana!
Your Short Blades skill increases to level 2!
A necrophage comes into view.
The iguana hisses angrily.
Found 14 gold pieces.
Okay, then.
Okay, then.
Okay, then.
Press: ? - help, v - describe, . - travel The floor.
Unknown command.
This spell is quite dangerous to cast!
Memorise Confusing Touch, consuming 3 spell levels and leaving 4?
You start memorising the spell.
You continue memorising. x3
You finish memorising.
Spell assigned to 'a'.
Casting: Confusing Touch (quite dangerous; 11% risk of failure)
Confirm with . or Enter, or press ? or * to list all spells.
The spell is quite dangerous to miscast (11% risk of failure)!
Continue anyway?
Your hands begin to glow red.
The iguana bites you!
You hit the iguana but do no damage. The iguana misses you.
You hit the iguana but do no damage.
The iguana appears confused.
The iguana misses you.
You hit the iguana.
The iguana is poisoned.
The iguana is moderately wounded.
The iguana bites you!
Ouch! That really hurt!
You die...

######### #.......#
#..$....# #...@...#
#...l...# #.......#
#.......# #.......#
####.#### #.#
#########.#### .##.
#.....†......##....


You could see an iguana (confused, very poisoned).

Vanquished Creatures
  An iguana (D:6)
  2 adders
  2 worms (D:2)
  4 dart slugs
  7 bats
  4 endoplasms
  4 giant cockroaches
  4 goblins
  5 hobgoblins
  A quokka (D:1)
  4 ball pythons
  6 kobolds
  5 rats
49 creatures vanquished.

Notes
Turn   | Place    | Note
-------+----------+-------------------------------------------
     0 | D:1      | LynnLen the Vampire Enchanter began the quest for the Orb.
     0 | D:1      | Reached XP level 1. HP: 13/13 MP: 3/3
   283 | D:1      | Reached XP level 2. HP: 1/15 MP: 5/5
   600 | D:1      | Reached skill level 5 in Stealth
   980 | D:1      | Reached skill level 5 in Hexes
  1046 | D:1      | Gained mutation: You are afflicted with vampirism and can
                  | become a bat while bloodless. [Vampire growth]
  1046 | D:1      | Reached XP level 3. HP: 19/19 MP: 6/6
  1384 | D:2      | Found a faded altar of an unknown god.
  1823 | D:2      | Reached skill level 6 in Stealth
  1867 | D:2      | Reached XP level 4. HP: 17/24 MP: 7/7
  2198 | D:3      | You fall into a shaft and drop 3 floors!
  2307 | D:6      | Noticed a necrophage
  2322 | D:6      | Learned a level 3 spell: Confusing Touch
  2325 | D:6      | Slain by an iguana

Illustrated notes

Levels and vault maps discovered:
D:1:      dpeg_arrival_tiny_b, layout_loops_ring
D:2:      layout_basic, hellmonk_ecumenical_altar_arch_garden
D:3:      layout_basic, minmay_bisected
D:6:      layout_loops_cross, hangedman_decor_push

Skill      XL: |  1  2  3  4 |
---------------+-------------+-----
Stealth        | 5 6 |  6.9
Hexes          | 5 |  5.0
Short Blades   | 2 |  2.0
Dodging        | |  2.3
Spellcasting   | |  2.3

Action                   |  1- 3 |  4- 6 || total
-------------------------+-------+-------++-------
Melee: Dagger            |   104 |    11 ||   115
       Bite              |    12 |       ||    12
       Punch             |     1 |       ||     1
 Cast: Confusing Touch   |       |     1 ||     1
 Abil: Exsanguinate      |     1 |       ||     1
  Use: Scroll            |     6 |     2 ||     8
       Potion            |     1 |       ||     1
 Stab: Sleeping          |    19 |     3 ||    22
Armor: Robe              |     5 |       ||     5
       Leather armour    |    14 |     2 ||    16
Dodge: Dodged            |    46 |     7 ||    53

Table legend: (Time is in decaauts)
 A = Elapsed time spent in this place.
 B = Non-inter-level travel time spent in this place.
 C = Inter-level travel time spent in this place.
 D = Time resting spent in this place.
 E = Time spent auto-exploring this place.
 F = Levels seen in this place.
 G = Mean time per level.
                   A        B        C        D        E       F      G
               +--------+--------+--------+--------+--------+-----+--------+
         Total |   2315 |   2315 |      0 |    568 |    973 |   4 |  578.8 |
       Dungeon |   2315 |   2315 |      0 |    568 |    973 |   4 |  578.8 |
               +--------+--------+--------+--------+--------+-----+--------+

Top non-repeatable levels by time:
     D:1: 1363 daAuts
     D:2: 730 daAuts
     D:6: 126 daAuts
     D:3: 96 daAuts
